 Dungeon Crawl Stone Soup version 0.19.5 (webtiles) character file.

113 greprep the Sneak (level 4, -7/21 HPs)
             Began as a Spriggan Enchanter on May 11, 2017.
             Killed by divine providence
             ... invoked by an orc priest
              (14 damage)
             ... on level 3 of the Dungeon.
             The game lasted 00:06:52 (2660 turns).

greprep the Sneak (Spriggan Enchanter)              Turns: 2660, Time: 00:06:56

Health: -7/21      AC:  3    Str:  4    XL:     4   Next: 65%
Magic:  5/9        EV: 19    Int: 16    God:
Gold:   93         SH:  0    Dex: 17    Spells: 2 memorised, 6 levels left

rFire  . . .     SeeInvis +     a - +1 dagger
rCold  . . .     Gourm    .     b - +1 robe
rNeg   . . .     Faith    .     (shield restricted)
rPois  .         Spirit   .     (helmet restricted)
rElec  .         Reflect  .     (no cloak)
rCorr  .         Harm     .     (gloves unavailable)
MR     +....                    (boots unavailable)
Stlth  ++++......               (no amulet)
                                (no ring)
                                m - ring of protection from magic

@: very quick
A: unfitting armour, see invisible, herbivore 3, speed 3, slow metabolism 2
a: no special abilities


You were on level 3 of the Dungeon.
You were hungry.

You visited 1 branch of the dungeon, and saw 3 of its levels.

You collected 93 gold pieces.

Inventory:

Hand Weapons
 a - a +1 dagger (weapon)
Armour
 b - a +1 robe (worn)
Jewellery
 m - a ring of protection from magic (left hand)
 r - a +3 ring of strength {unknown}
Scrolls
 f - 3 scrolls of identify {unknown}
 i - a scroll of fog {unknown}
 j - 2 scrolls of immolation {unknown}
 l - 2 scrolls of teleportation {unknown}
 n - a scroll of fear {unknown}
 s - 3 scrolls of enchant armour {unknown}
Potions
 e - a potion of berserk rage {unknown}
 h - 3 potions of heal wounds {unknown}
 o - a potion of cancellation {unknown}
 p - 2 potions of curing {unknown}
 q - a potion of lignification {unknown}
Books
 c - a book of Maledictions

   Spells                             Type                      Level
   a - Corona                         Hexes                        1
   b - Ensorcelled Hibernation        Hexes/Ice                    2
   c - Confuse                        Hexes                        3
   d - Tukima's Dance                 Hexes                        3
   e - Dazzling Spray                 Conjuration/Hexes            3
Comestibles
 d - a bread ration
 g - a royal jelly
 k - a slice of pizza
 t - 5 fruits


   Skills:
 + Level 0.1 Fighting
 + Level 2.1 Short Blades
 + Level 3.5 Dodging
 + Level 6.8 Stealth
 + Level 3.2 Spellcasting
 + Level 3.9 Hexes
 + Level 0.1 Ice Magic


You had 6 spell levels left.
You knew the following spells:

 Your Spells              Type           Power        Failure   Level  Hunger
a - Corona                Hex            ###....      4%          1    None
b - Ensorcelled Hibernat  Hex/Ice        #.....       14%         2    ##.....


Dungeon Overview and Level Annotations

Branches:
Dungeon (3/15)

Altars:
Gozag
Uskayaw
Xom


Innate Abilities, Weirdness & Mutations

You are very small and have problems with some larger weapons.
You are too small for most types of armour.
You have supernaturally acute eyesight. (SInv)
You are a herbivore.
You cover ground extremely quickly.
You need consume almost no food.


Message History

The orc wizard completely misses you.
The orc priest invokes the aid of Beogh against you.
Beogh smites you!
Ouch! That really hurt!
The orc wizard mumbles some strange words.
The orc wizard seems to speed up.
There is a stone staircase leading down here.
Casting: Ensorcelled Hibernation
Confirm with . or Enter, or press ? or * to list all spells.
Aiming: Ensorcelled Hibernation
Press: ? - help, Shift-Dir - straight line, f - orc
Aim: an orc, wielding a flail (chance to defeat MR: 58%)
The orc looks drowsy...
The helpless orc fails to defend itself.
You impale the orc!!
You kill the orc!
The orc priest calls down the wrath of Beogh upon you.
Beogh smites you!
Ouch! That really hurt!
You die...

.....##### ####.#...##
######## #.........##
#......#
#.##.#.....###.####.#
.....##.....#...# #.#
#.#####.........# #.#
#.# ##.#.###...# #.#
#.####.(..# #######.###
#.##......# #.@o....#
#.#...P♣..# #.###o#.#
#)..P..♣...# #. #.#.#
.....♣...)..# #. #o..#
#.#..........##. #o#.#
..##..........#. #oo..#
..............+.......#
............ ####....#
######.... ##.#.#


You could see 2 orc priests.

Vanquished Creatures
  5 adders
  2 worms (D:2)
  2 dart slugs (D:2)
  3 leopard geckos
  An orc (D:3)
  3 giant cockroaches
  4 goblins
  7 hobgoblins
  4 jackals (D:3)
  A quokka (D:2)
  3 bats
  2 frilled lizards (D:2)
  8 kobolds
  8 rats
53 creatures vanquished.

Notes
Turn   | Place    | Note
-------+----------+-------------------------------------------
     0 | D:1      | greprep the Spriggan Enchanter began the quest for the Orb.
     0 | D:1      | Reached XP level 1. HP: 9/9 MP: 5/5
  1168 | D:2      | Reached XP level 2. HP: 13/13 MP: 6/6
  1172 | D:2      | Learned a level 2 spell: Ensorcelled Hibernation
  1206 | D:2      | Reached skill level 5 in Stealth
  1401 | D:2      | Reached XP level 3. HP: 15/16 MP: 4/8
  2098 | D:3      | Reached skill level 6 in Stealth
  2135 | D:3      | Reached XP level 4. HP: 21/21 MP: 6/9
  2480 | D:3      | Found a hide-covered altar of Uskayaw.
  2480 | D:3      | Found a shimmering altar of Xom.
  2482 | D:3      | Found an opulent altar of Gozag.
  2660 | D:3      | Killed from afar by an orc priest

Skill      XL: |  1  2  3 |
---------------+----------+-----
Stealth        | 5 6 |  6.8
Spellcasting   | 3 |  3.2
Short Blades   | 2 |  2.1
Fighting       | |  0.1
Dodging        | |  3.5
Hexes          | |  3.9
Ice Magic      | |  0.1

Action                   |  1- 3 |  4- 6 || total
-------------------------+-------+-------++-------
Melee: Dagger            |   119 |    38 ||   157
 Cast: Corona            |     3 |       ||     3
       Ensorcelled Hiber |     5 |    11 ||    16
 Stab: Sleeping          |    15 |    12 ||    27
       Distracted        |     1 |       ||     1
Armor: Robe              |    13 |     3 ||    16
Dodge: Dodged            |   103 |    30 ||   133
